Map: [ESL] Oceanborn

Players

herO - Winner!

  • Race: Protoss Protoss
  • Spawn Location: 11:00

Spirit

  • Race: Terran Terran
  • Spawn Location: 5:00

Event: ESL Spring 2024 Finals

VOD

Have the link to the VOD?

Description

Time

  • Played on: May 31, 2024, 6:15 p.m.
  • Length: 14:01

All games in this series

Show
View Real Time Build Order
Export as new Build Order

herO Protoss - Winner!

Build Orders: 1 Gate Expand, Oracle Opening 

Get SALT Encoding   

  12  0:00  Probe  
  13  0:12  Probe  
  14  0:18  Pylon  
  14  0:24  Probe  
  15  0:37  Gateway  
  15  0:38  Probe (Chrono Boost)  
  16  0:43  Assimilator  
  16  0:49  Probe (Chrono Boost)  
  17  0:54  Probe (Chrono Boost)  
  19  1:04  Probe  
  19  1:16  Probe  
  20  1:24  Cybernetics Core, Zealot  
  22  1:42  Nexus  
  22  1:45  Pylon  
  22  1:48  Probe  
  23  1:54  Assimilator  
  23  2:01  Adept (Chrono Boost)  
  23  2:03  Probe  
  26  2:15  Probe  
  26  2:21  Adept (Chrono Boost)  
  27  2:28  Probe  
  30  2:33  Stargate  
  30  2:40  Probe  
  31  2:45  Warp Gate  
  31  2:48  Shield Battery  
  31  2:53  Adept  
  33  3:02  Probe x2  
  33  3:14  Probe x2  
  33  3:17  Oracle (Chrono Boost)  
  38  3:24  Adept  
  40  3:30  Probe x2  
  40  3:42  Probe x2  
  40  3:45  Oracle (Chrono Boost)  
  42  3:50  Pylon  
  42  3:54  Probe x2  
  45  3:56  Gateway  
  45  3:58  Gateway  
  45  4:06  Probe  
  45  4:08  Probe  
  47  4:10  Twilight Council  
  47  4:13  Pylon  
  47  4:18  Probe  
  47  4:20  Probe  
  49  4:29  Nexus  
  49  4:31  Pylon  
  49  4:35  Probe  
  49  4:36  Probe  
  51  4:39  Blink (Chrono Boost)  
  51  4:47  Assimilator  
  51  4:48  Assimilator  
  51  4:49  Probe x2  
  53  4:54  Stalker  
  53  4:57  Stalker  
  57  5:00  Shield Battery  
  57  5:02  Probe  
  57  5:03  Probe  
  59  5:08  Forge  
  59  5:12  Stalker  
  58  5:19  Probe x2  
  60  5:22  Stalker  
  60  5:23  Shield Battery  
  62  5:30  Gateway  
  62  5:32  Probe x2  
  64  5:40  Protoss Ground Weapons Level 1 (Chrono Boost)  
  64  5:41  Stalker x2  
  68  5:45  Stalker  
  68  5:47  Probe  
  68  5:49  Pylon  
  71  5:50  Probe  
  72  6:02  Gateway  
  72  6:04  Gateway  
  72  6:13  Stalker x3  
  72  6:15  Probe  
  79  6:18  Charge  
  79  6:19  Probe x2  
  79  6:26  Robotics Facility  
  79  6:27  Probe  
  79  6:31  Probe x2  
  82  6:39  Stalker x2  
  87  6:40  Probe  
  87  6:43  Probe x2  
  89  6:51  Stalker  
  89  6:52  Probe  
  92  6:55  Pylon, Probe  
  92  6:57  Pylon  
  93  7:02  Probe  
  93  7:04  Probe  
  93  7:12  Pylon x2  
  93  7:13  Probe  
  93  7:14  Shield Battery, Probe  
  95  7:15  Nexus  
  95  7:17  Sentry  
  95  7:18  Sentry x2, Pylon  
  95  7:20  Immortal (Chrono Boost)  
  103  7:24  Pylon  
  103  7:26  Protoss Ground Weapons Level 2 (Chrono Boost)  
  103  7:30  Robotics Bay  
  103  7:33  Zealot x3  
  110  7:37  Probe x3  
  112  7:50  Shield Battery  
  112  7:51  Zealot x3  
  112  7:55  Pylon, Probe x3  
  112  7:57  Observer (Chrono Boost)  
  122  8:01  Zealot x3  
  128  8:08  Observer (Chrono Boost)  
  129  8:15  Zealot x3, Forge  
  129  8:19  Colossus (Chrono Boost)  
  135  8:20  Extended Thermal Lance  
  123  8:36  Robotics Facility, Protoss Ground Armor Level 1 (Chrono Boost), Probe x4  
  123  8:38  Assimilator  
  127  8:41  Zealot x6  
  139  8:48  Pylon  
  139  8:56  Gateway  
  139  8:58  Gateway  
  139  9:01  Pylon  
  139  9:03  Colossus (Chrono Boost)  
  139  9:09  Gateway  
  145  9:10  Gateway  
  145  9:12  Pylon  
  145  9:21  Stalker x4  
  153  9:26  Zealot x2  
  153  9:29  Disruptor (Chrono Boost)  
  161  9:41  Disruptor (Chrono Boost)  
  161  9:44  Photon Cannon  
  165  9:46  Nexus, Photon Cannon  
  165  9:48  Pylon  
  165  9:53  Pylon  
  165  9:59  Protoss Ground Weapons Level 3 (Chrono Boost)  
  165  10:00  Stalker, Probe x3, Photon Cannon  
  165  10:01  Assimilator, Stalker  
  165  10:05  Zealot x2  
  176  10:11  Zealot x3  
  182  10:15  Stalker  
  184  10:24  Stalker  
  184  10:25  Stalker x4  
  189  10:34  Zealot  
  189  10:35  Zealot x2  
  169  10:43  Disruptor x2 (Chrono Boost)  
  169  10:46  Zealot x2  
  169  10:49  Stalker, Observer  
  176  10:50  Zealot x4  
  176  10:52  Probe x2  
  183  10:58  Pylon  
  183  11:01  Probe x3  
  183  11:02  Shield Battery  
  182  11:16  Immortal x2 (Chrono Boost)  
  182  11:18  Protoss Ground Armor Level 2 (Chrono Boost)  
  188  11:19  Photon Cannon  
  188  11:25  Probe x3  
  190  11:26  Probe  
  190  11:30  Pylon  
  192  11:36  Stalker x3, Zealot  
  194  11:52  Disruptor x2  
  172  12:02  Zealot x6  
  172  12:05  Zealot x4  
  191  12:10  Probe x3  
  193  12:18  Photon Cannon  
  193  12:22  Dark Shrine  
  193  12:24  Zealot x3  
  199  12:37  Nexus  
  199  12:38  Gateway  
  199  12:42  Nexus  
  191  12:44  Pylon  
  175  12:57  Zealot x8, Stalker  
  175  12:58  Stalker  
  193  13:00  Pylon  
  193  13:02  Pylon  
  193  13:03  Gateway  
  193  13:07  Disruptor (Chrono Boost)  
  191  13:28  Zealot x4  
  193  13:47  Zealot x3  
Show
View Real Time Build Order
Export as new Build Order

Spirit Terran 

Build Orders:  

Get SALT Encoding   

  12  0:00  SCV  
  13  0:12  SCV  
  14  0:16  Supply Depot  
  14  0:24  SCV  
  15  0:38  SCV  
  15  0:39  Barracks  
  16  0:50  SCV  
  16  0:51  Refinery  
  17  1:02  SCV  
  18  1:10  Engineering Bay  
  18  1:14  SCV  
  19  1:33  Orbital Command, Marine  
  20  1:52  Reaper, Command Center  
  21  2:00  SCV  
  22  2:04  Supply Depot  
  22  2:12  SCV  
  23  2:16  Factory  
  23  2:25  SCV, Marine  
  23  2:29  Bunker  
  25  2:37  SCV  
  26  2:45  Marine  
  26  2:49  SCV  
  27  3:03  Cyclone, Barracks Reactor  
  27  3:04  Orbital Command  
  27  3:05  SCV  
  30  3:22  Command Center  
  30  3:23  SCV  
  31  3:31  SCV  
  31  3:35  SCV  
  31  3:37  Factory Tech Lab  
  31  3:40  Marine  
  32  3:43  SCV  
  32  3:44  Marine  
  32  3:47  SCV  
  35  3:53  Barracks  
  35  3:55  SCV  
  36  3:58  Marine  
  36  3:59  SCV  
  36  4:00  Cyclone  
  40  4:07  SCV  
  40  4:09  Marine  
  41  4:11  Supply Depot, SCV  
  41  4:17  Refinery  
  41  4:19  SCV  
  41  4:23  SCV  
  41  4:24  Marine  
  42  4:31  SCV  
  42  4:32  Siege Tank  
  42  4:35  SCV  
  47  4:38  Orbital Command  
  47  4:42  Marine  
  47  4:43  SCV  
  46  4:48  SCV  
  46  4:49  Barracks Tech Lab  
  47  4:53  Engineering Bay  
  47  4:55  Barracks  
  47  4:56  SCV, Marine  
  49  5:00  SCV, Marine  
  49  5:03  Supply Depot  
  51  5:07  SCV  
  51  5:08  SCV  
  51  5:09  Stimpack  
  51  5:12  SCV  
  54  5:14  Refinery  
  54  5:15  Refinery  
  54  5:19  SCV, Factory Reactor  
  54  5:20  SCV  
  56  5:22  Starport  
  56  5:24  SCV  
  56  5:25  Marine  
  56  5:26  Supply Depot  
  56  5:28  Marine  
  59  5:29  Marine  
  59  5:31  SCV  
  59  5:32  SCV  
  62  5:36  SCV  
  62  5:37  Terran Infantry Weapons Level 1  
  63  5:43  Barracks Tech Lab, Marine  
  63  5:45  SCV, Marine  
  63  5:47  Marauder  
  63  5:48  Missile Turret  
  63  5:49  Orbital Command  
  68  5:50  SCV  
  68  5:54  Supply Depot  
  69  5:58  SCV  
  69  6:01  Marine  
  69  6:02  Combat Shield, SCV  
  69  6:03  Marine  
  69  6:04  Supply Depot  
  73  6:09  Marauder  
  73  6:10  SCV, Marauder  
  78  6:14  SCV  
  79  6:19  Siege Tank, Marine  
  79  6:21  Marine  
  79  6:22  SCV  
  85  6:26  Supply Depot, SCV  
  85  6:28  Medivac  
  85  6:30  Marauder  
  85  6:32  Marauder  
  90  6:34  SCV, Medivac  
  90  6:37  Marine  
  90  6:38  SCV  
  90  6:39  Marine  
  93  6:51  Barracks, Marauder  
  93  6:53  Marauder, Barracks  
  95  6:55  Marine  
  95  6:58  Marine, Medivac  
  95  6:59  SCV  
  95  7:00  Orbital Command  
  98  7:03  SCV  
  99  7:11  SCV  
  99  7:12  Marine  
  99  7:13  Marauder  
  99  7:14  Marauder  
  105  7:15  SCV, Marine  
  105  7:18  Siege Tank  
  108  7:23  SCV  
  108  7:24  Supply Depot  
  108  7:27  SCV x2  
  111  7:31  Bunker  
  111  7:33  Terran Infantry Armor Level 1  
  111  7:34  Marauder  
  111  7:35  SCV  
  111  7:36  Marine, Marauder  
  115  7:39  SCV  
  115  7:40  SCV  
  117  7:44  Supply Depot  
  117  7:45  Supply Depot  
  117  7:47  SCV, Barracks Reactor  
  117  7:48  Barracks Tech Lab  
  117  7:49  Supply Depot  
  117  7:50  Ghost Academy  
  118  7:51  SCV  
  118  7:52  SCV  
  118  7:55  Refinery  
  118  7:56  Refinery, Marauder  
  122  7:59  SCV  
  122  8:03  SCV  
  122  8:04  SCV  
  122  8:05  Missile Turret  
  125  8:07  Medivac x2  
  125  8:11  SCV  
  125  8:12  Marine x2, Marauder  
  136  8:13  Marauder  
  136  8:15  SCV  
  137  8:20  Command Center  
  137  8:21  Bunker  
  137  8:24  Supply Depot  
  137  8:25  SCV  
  137  8:26  Supply Depot, Siege Tank  
  137  8:31  Marine, Marauder  
  134  8:34  Marine  
  134  8:35  SCV, Marine, Marauder  
  134  8:36  Marauder  
  134  8:37  Medivac  
  134  8:39  Concussive Shells  
  143  8:43  Armory  
  143  8:44  Engineering Bay  
  143  8:45  Marine, Refinery  
  143  8:46  SCV  
  143  8:48  SCV, Marine  
  146  8:55  Marine, Marauder  
  150  8:58  Siege Tank  
  150  8:59  SCV  
  157  9:04  Supply Depot  
  157  9:14  Supply Depot  
  157  9:15  Supply Depot  
  157  9:17  SCV x2  
  157  9:19  Ghost x2, Viking  
  157  9:21  Supply Depot  
  157  9:22  Ghost  
  164  9:24  Marine  
  164  9:25  Marine x2  
  163  9:45  Siege Tank  
  166  9:47  Ghost x2  
  170  9:52  Barracks  
  170  9:53  Barracks  
  170  9:55  Barracks, Terran Infantry Weapons Level 2  
  170  9:58  SCV x2  
  170  9:59  SCV  
  173  10:03  Terran Infantry Armor Level 2  
  173  10:04  Marine  
  173  10:05  Marauder  
  173  10:06  Marine  
  177  10:07  Command Center  
  177  10:09  Marine  
  177  10:11  SCV  
  177  10:17  SCV, Marauder x2  
  177  10:19  Marine  
  183  10:22  Marine  
  183  10:23  Marine  
  183  10:26  Marauder  
  183  10:27  SCV  
  188  10:32  SCV  
  188  10:35  Marine  
  181  10:36  SCV  
  181  10:38  Marine, Marauder x2  
  181  10:39  SCV  
  177  10:43  Marine  
  177  10:44  Barracks Tech Lab  
  177  10:45  Barracks Tech Lab, Siege Tank  
  177  10:47  Marauder, Medivac  
  177  10:48  SCV, Medivac  
  183  10:51  SCV  
  183  10:55  Marine  
  171  10:59  Barracks Tech Lab, Ghost, Marauder  
  171  11:00  Terran Vehicle Weapons Level 1  
  175  11:04  SCV  
  175  11:05  SCV  
  177  11:13  SCV  
  177  11:17  Medivac x2  
  182  11:23  Command Center  
  182  11:24  SCV  
  183  11:26  Sensor Tower  
  183  11:28  Marauder  
  183  11:29  Sensor Tower  
  183  11:32  SCV  
  171  11:47  Marine  
  171  11:48  Marauder  
  171  11:49  Marine  
  171  11:50  Marauder  
  171  11:51  Marine  
  171  11:52  Marauder  
  171  11:53  Medivac x2  
  166  12:01  Marine, Marauder  
  154  12:02  Siege Tank, Marine  
  154  12:03  Marauder  
  154  12:06  Marine  
  157  12:08  Marine  
  157  12:09  Marine, Marauder  
  157  12:11  Marauder  
  157  12:12  SCV  
  157  12:13  Marauder  
  166  12:19  Marine  
  167  12:25  Planetary Fortress  
  167  12:28  Marine, Marauder  
  170  12:31  Refinery  
  170  12:37  Marine, Marauder  
  168  12:45  Marine x3, Marauder x2  
  168  12:46  Marauder  
  168  12:47  Marine  
  168  12:49  Marine  
  164  12:55  Marine  
  150  12:59  Marauder  
  150  13:01  Siege Tank  
  150  13:03  Marine, Marauder  
  158  13:07  Marauder  
  158  13:08  Sensor Tower  
  158  13:11  Marine  
  160  13:15  Marine, Marauder  
  160  13:16  Ghost x2  
  160  13:17  Marine  
  167  13:20  Marauder  
  167  13:22  Marine  
  167  13:25  Marauder  
  171  13:28  Ghost  
  171  13:33  Sensor Tower  
  176  13:37  Marine  
  176  13:38  Marauder  
  169  13:41  Marine  
  169  13:43  Marine  
Tags
 
Add a new tag
Caveats
  • Supply blocks, unpowered buildings, or Contaminate may cause inaccurate times.
  • Supply counts are checked every 10 seconds.